 Dungeon Crawl Stone Soup version 0.30.0-19-g36f170ea60 (webtiles) character file.

Game seed: 4254640905211968758

184 Graphine the Covert (level 5, -1/30 HPs)
             Began as a Kobold Brigand on June 1, 2023.
             Slain by a gnoll sergeant
             ... wielding a +0 spear
              (8 damage)
             ... on level 3 of the Dungeon.
             The game lasted 00:05:12 (2074 turns).

Graphine the Covert (Kobold Brigand)                Turns: 2074, Time: 00:05:12

Health: -1/30      AC:  4    Str:  9    XL:     5   Next: 95%
Magic:  4/5        EV: 14    Int: 12    God:
Gold:   115        SH:  0    Dex: 18    Spells: 2/4 levels left

rFire   . . .        f - +2 dagger (venom)
rCold   + . .        (no shield)
rNeg    . . .        b - +0 robe
rPois   .            (no helmet)
rElec   .            c - +0 cloak
rCorr   .            (no gloves)
SInv    .            r - +0 pair of boots
Will    .....        (no amulet)
Stlth   +++++        j - ring of protection from cold
HPRegen 0.25/turn    q - ring of wizardry
MPRegen 0.09/turn

%: wizardry (x1)
@: wereblooded
A: small, no large weapons, nightstalker 3
a: no special abilities


You were on level 3 of the Dungeon.
You visited 1 branch of the dungeon, and saw 5 of its levels.

You collected 115 gold pieces.

Inventory:

Hand Weapons
 a - a +2 dagger
 f - a +2 dagger of venom (weapon)
 p - a +2 dagger of speed
Missiles
 d - 13 poisoned darts (quivered)
 e - 3 curare-tipped darts
Armour
 b - a +0 robe (worn)
 c - a +0 cloak (worn)
 r - a +0 pair of boots (worn)
Jewellery
 j - a ring of protection from cold (left hand)
 q - a ring of wizardry (right hand)
Scrolls
 k - a scroll of teleportation
 n - a scroll of blinking
Potions
 g - a potion of brilliance {unknown}
 h - 2 potions of lignification
 i - 2 potions of might {unknown}
 l - 2 potions of mutation {unknown}
 m - a potion of haste {unknown}
 o - a potion of flight {unknown}


   Skills:
 - Level 2.1 Fighting
 - Level 2.6 Short Blades
 - Level 2.1 Throwing
 - Level 1.2 Dodging
 + Level 9.4 Stealth


You had 2 spell levels left.
You knew the following spells:

 Your Spells              Type           Power      Damage    Failure   Level
a - Wereblood             Tmut           0%         N/A       21%         2

Your spell library contained the following spells:

 Spells                   Type           Power      Damage    Failure   Level
 Sting                    Tmut/Pois      0%         1d3       13%         1
 Poisonous Vapours        Pois/Air       0%         N/A       21%         2
 Sublimation of Blood     Necr           0%         N/A       21%         2
 Olgreb's Toxic Radiance  Pois           0%         N/A       75%         4
 Summon Hydra             Summ           0%         N/A       100%        7


Dungeon Overview and Level Annotations

Branches:
Dungeon (5/15)
 Temple: D:4-7

Altars:
Hepliaklqana

Shops:
D:1 ?   D:5 (


Innate Abilities, Weirdness & Mutations

You are small and have problems with some larger weapons.
You are completely attuned to the shadows.


Message History

You finish memorising.
Spell assigned to 'a'.
A gnoll comes into view. It is wielding a +0 flail.
A rat and a gnoll come into view.
A gnoll sergeant and a gnoll come into view.
The gnoll shouts!
You hear a shout!
The gnoll sergeant shouts!
You closely miss the rat.
A gnoll comes into view. It is wielding a +0 halberd.
The rat completely misses you.
Casting: Wereblood (safe; 21% risk of failure)
Confirm with . or Enter, or press ? or * to list all spells.
Your blood is infused with primal strength.
The rat bites you.
You hit the rat.
The rat is poisoned.
The rat is moderately wounded.
The gnoll sergeant hits you from afar with a +0 spear.
The rat bites you.
You barely miss the rat.
The rat is severely wounded.
The gnoll sergeant hits you from afar with a +0 spear!
The rat closely misses you.
You are too injured to fight recklessly!
You are too injured to fight recklessly!
You are too injured to fight recklessly!
You are too injured to fight recklessly!
You hit the rat.
You feel a bit better.
You kill the rat!
The gnoll hits you but does no damage.
The gnoll sergeant completely misses you.
You hit the gnoll but do no damage.
The gnoll is poisoned.
You howl as the wereblood boils in your veins!
The gnoll closely misses you. The gnoll sergeant barely misses you.
You hit the gnoll.
The gnoll looks as sick as possible!
The gnoll is moderately wounded.
You hit the gnoll.
You feel a bit better.
You kill the gnoll!
The gnoll sergeant hits you from afar with a +0 spear.
The gnoll hits you from afar with a +0 spear!
* * * LOW HITPOINT WARNING * * *
The gnoll sergeant hits you with a +0 spear!
You die...

.. .. #. .# # #.#g# #
.g. ## #g# .#. #g# #.♣
#g# .###. #@# ##.#.#
#.# .##.8.## ##.#
#.##.#.# #..# #..#...
####.############...#.
#.......##.........###
#.##.##.##.#####.### #
#.##.##.##....##.#####
#.##..................


You could see a gnoll sergeant and 3 gnolls.

Vanquished Creatures
  Edmund (D:4)
  A gnoll (D:3)
  A worm (D:2)
  2 endoplasms
  14 giant cockroaches (D:2)
  3 goblins
  6 hobgoblins
  5 kobolds
  A quokka (D:1)
  A ball python (D:1)
  2 bats
  2 frilled lizards (D:1)
  6 rats
45 creatures vanquished.

Notes
Turn   | Place    | Note
-------+----------+-------------------------------------------
     0 | D:1      | Graphine the Kobold Brigand began the quest for the Orb.
     0 | D:1      | Reached XP level 1. HP: 12/12 MP: 1/1
   166 | D:1      | Reached XP level 2. HP: 17/17 MP: 2/2
   182 | D:1      | Reached skill level 6 in Stealth
   304 | D:1      | Found Jothawn's Magic Scroll Shoppe.
   734 | D:1      | Reached XP level 3. HP: 21/21 MP: 3/3
  1097 | D:2      | Reached skill level 7 in Stealth
  1345 | D:2      | Reached XP level 4. HP: 26/26 MP: 4/4
  1415 | D:2      | Found a faded altar of an unknown god.
  1644 | D:3      | You fall into a shaft and drop 2 floors!
  1644 | D:5      | Entered Level 5 of the Dungeon
  1660 | D:5      | Found Nenulethri's Weapon Emporium.
  1687 | D:5      | Noticed a black bear
  1767 | D:4      | Noticed Edmund
  1787 | D:4      | Killed Edmund
  1788 | D:4      | Reached skill level 9 in Stealth
  1788 | D:4      | Reached XP level 5. HP: 8/30 MP: 5/5
  1906 | D:3      | Found a hazy altar of Hepliaklqana.
  2020 | D:3      | Learned a level 2 spell: Wereblood
  2074 | D:3      | Slain by a gnoll sergeant

Illustrated notes

Levels and vault maps discovered:
D:1:      zelgadis_glass_arrival_small, layout_basic, serial_shops,
          nicolae_shop_just_a_little_nook, chequers_serial_rivers_marsh
D:2:      minmay_roachtagon, layout_rooms, shapermc_ecumenical_altar_hornbeckon
D:3:      layout_loops_cross, nicolae_overflow_hidden_temple,
          grunt_decor_mini_mirrors, wander_ebering_terrifying_dragon_lair
D:4:      nicolae_cairo_tiling, layout_basic, mainiacjoe_overflow_paths,
          enter_ossuary_5, uniq_menkaure, uniq_edmund, uniq_natasha
D:5:      lemuel_castle_with_subvaults [lemuel_castle_interior_carwin_1],
          layout_basic, tgw_kikubaaqudgha, serial_shops, shop

Skill      XL: |  1  2  3  4 |
---------------+-------------+-----
Stealth        | 6 7 9 |  9.4
Fighting       | |  2.1
Short Blades   | |  2.6
Throwing       | |  2.1
Dodging        | |  1.2

Action                     |  1- 3 |  4- 6 || total
---------------------------+-------+-------++-------
  Melee: Dagger            |    74 |    12 ||    86
  Throw: Dart              |       |     4 ||     4
   Cast: Wereblood         |       |     1 ||     1
    Use: Scroll            |     4 |     1 ||     5
   Stab: Sleeping          |    21 |     2 ||    23
 Armour: Robe              |    10 |     1 ||    11
  Dodge: Dodged            |    34 |     5 ||    39
